 Dungeon Crawl Stone Soup version 0.18.1-48-g4cf74bf (console) character file.

602 Kloppie the Chopper (level 7, -1/66 HPs)
             Began as a Hill Orc Fighter on July 19, 2016.
             Was an Initiate of Yredelemnul.
             Slain by an ice beast (14 damage)
             ... on level 5 of the Dungeon.
             The game lasted 00:05:03 (4423 turns).

Kloppie the Chopper (Hill Orc Fighter)              Turns: 4423, Time: 00:05:04

Health: -1/66      AC: 13    Str: 19    XL:     7   Next: 41%
Magic:  7/7        EV:  7    Int:  8    God:    Yredelemnul [......]
Gold:   243        SH:  0    Dex: 12    Spells: 0 memorised, 6 levels left

rFire  + . .     SeeInvis .     a - +0 war axe
rCold  . . .     Gourm    .     l - +2 chain mail {rF+}
rNeg   . . .     Faith    .     (no shield)
rPois  .         Spirit   .     (no helmet)
rElec  .         Dismiss  .     e - +0 cloak
rCorr  .         Reflect  .     v - +0 pair of gloves
SustAt .         Harm     .     (no boots)
MR     .....                    (no amulet)
Stlth  ..........               (no ring)
                                (no ring)

@: not resistant to hostile enchantments, extremely unstealthy
A: no striking features
a: Renounce Religion


You were on level 5 of the Dungeon.
You worshipped Yredelemnul.
Yredelemnul was noncommittal.
You were near starving.

You visited 1 branch of the dungeon, and saw 5 of its levels.

You collected 243 gold pieces.

Inventory:

Hand Weapons
 a - a +0 war axe (weapon)
Armour
 c - a +0 shield
 e - a +0 cloak (worn)
 l - a +2 chain mail of fire resistance (worn)
 v - a +0 pair of gloves (worn)
Scrolls
 b - 2 scrolls of noise {unknown}
 j - 6 scrolls of identify
 m - a scroll of fear {unknown}
 n - 2 scrolls of enchant armour {unknown}
 q - 2 scrolls of blinking {unknown}
 t - a scroll of enchant weapon {unknown}
 u - a scroll of fog {unknown}
 w - a scroll of amnesia {unknown}
 x - a scroll of random uselessness {unknown}
Potions
 d - a potion of might
 g - a potion of heal wounds {unknown}
 i - 2 potions of degeneration
 k - 3 potions of brilliance
 o - 4 potions of curing
 r - 3 potions of agility
 s - a potion of mutation
Comestibles
 f - 3 bread rations
 h - a slice of pizza
 p - a beef jerky


   Skills:
 + Level 7.2 Fighting
 + Level 7.9 Axes
 - Level 3.2 Armour
 - Level 3.2 Shields


You had 6 spell levels left.
You didn't know any spells.

Dungeon Overview and Level Annotations

Branches:
Dungeon (5/15)             Temple (0/1) D:5

Altars:
Dithmenos
Elyvilon
Pakellas
Sif Muna
Yredelemnul


Message History

The ice beast is lightly wounded.
The ice beast completely misses you.
You slash the ice beast!
The ice beast is heavily wounded.
The ice beast hits you. The ice beast freezes you!
* * * LOW HITPOINT WARNING * * *
You are too injured to fight recklessly!
You are too injured to fight recklessly!
You are too injured to fight recklessly!
You hit the ice beast.
The ice beast is heavily wounded.
The ice beast hits you.
* * * LOW HITPOINT WARNING * * *
The ice beast freezes you!
* * * LOW HITPOINT WARNING * * *
The ice beast hits you.
* * * LOW HITPOINT WARNING * * *
The ice beast freezes you!
You die...
Your body rises from the dead as a mindless zombie.

+.......#
####....#
##.#.# ####.#
#(...# #.####
#.#
##.########.#
#....Y@.....#
#....##.#####
#.... #.#
##.. #.# ...
#.# ## #.#
#.# ..#


You could see an ice beast.

Vanquished Creatures
  A phantom (D:4)
  An ogre (D:4)
  Blork the orc (D:5)
  A scorpion (D:4)
  3 iguanas (D:4)
  Terence (D:2)
  A worker ant (D:4)
  A hound skeleton (D:4)
  A howler monkey skeleton (D:4)
  7 adders
  An adder skeleton (D:4)
  4 worms (D:2)
  5 dart slugs
  A giant gecko (D:1)
  8 orcs
  2 giant cockroaches
  9 goblins
  6 hobgoblins
  6 jackals
  2 quokkas
  2 ball pythons (D:2)
  7 bats
  A giant gecko skeleton (D:4)
  2 giant newts
  2 kobolds
  A quokka skeleton (D:5)
  11 rats
88 creatures vanquished.

Notes
Turn   | Place    | Note
--------------------------------------------------------------
     0 | D:1      | Kloppie the Hill Orc Fighter began the quest for the Orb.
     0 | D:1      | Reached XP level 1. HP: 19/19 MP: 1/1
   138 | D:1      | Reached XP level 2. HP: 18/27 MP: 2/2
   538 | D:1      | Reached XP level 3. HP: 33/33 MP: 3/3
  1087 | D:2      | Noticed Terence
  1104 | D:2      | Killed Terence
  1104 | D:2      | Reached XP level 4. HP: 40/41 MP: 4/4
  1506 | D:2      | Reached skill level 5 in Fighting
  1506 | D:2      | Reached skill level 5 in Axes
  1770 | D:2      | Found a white marble altar of Elyvilon.
  2030 | D:2      | Reached XP level 5. HP: 46/48 MP: 5/5
  2279 | D:3      | Found a deep blue altar of Sif Muna.
  2742 | D:4      | Reached XP level 6. HP: 29/57 MP: 6/6
  3173 | D:4      | Noticed a phantom
  3194 | D:4      | Killed a phantom
  3348 | D:4      | Reached XP level 7. HP: 47/64 MP: 7/7
  3824 | D:4      | Found a shadowy altar of Dithmenos.
  3996 | D:5      | Entered Level 5 of the Dungeon
  4015 | D:5      | Found a basalt altar of Yredelemnul.
  4015 | D:5      | Noticed Blork the orc
  4024 | D:5      | Killed Blork the orc
  4031 | D:5      | Became a worshipper of Yredelemnul the Dark
  4073 | D:5      | Found a staircase to the Ecumenical Temple.
  4087 | D:5      | Found an oddly glowing altar of Pakellas.
  4423 | D:5      | Slain by an ice beast

Skill      XL: |  1  2  3  4  5  6  7 |
---------------+----------------------+-----
Axes           | 3 4 5 6 7 |  7.9
Fighting       | 4 5 6 7 |  7.2
Armour         | |  3.2
Shields        | |  3.2

Action                   |  1- 3 |  4- 6 |  7- 9 || total
-------------------------+-------+-------+-------++-------
Melee: War axe           |    87 |   230 |    45 ||   362
  Use: Scroll            |       |       |     4 ||     4
  Eat: Chunk             |     1 |     7 |     2 ||    10
Armor: Scale mail        |    56 |       |       ||    56
       Chain mail        |       |   166 |    25 ||   191
Dodge: Dodged            |    36 |    95 |    15 ||   146
